 Dungeon Crawl Stone Soup version 0.30-a0-1094-g860fb061e7 (webtiles) character file.

Game seed: 8945534099038657613

976 Newt the Trooper (level 7, -2/58 HPs)
             Began as a Demonspawn Gladiator on Apr 17, 2023.
             Was an Initiate of Okawaru.
             Slain by a gnoll sergeant
             ... wielding a +0 trident
              (8 damage)
             ... on level 5 of the Dungeon.
             The game lasted 00:05:31 (5840 turns).

Newt the Trooper (Demonspawn Gladiator)             Turns: 5840, Time: 00:05:32

Health: -2/58      AC: 12    Str: 16    XL:     7   Next: 95%
Magic:  7/7        EV: 13    Int:  9    God:    Okawaru [......]
Gold:   219        SH:  4    Dex: 15    Spells: 6/6 levels left

rFire   + . .      SeeInvis +    r - +6 battleaxe (freeze)
rCold   . . .      Faith    +    (shield currently unavailable)
rNeg    . . .      Spirit   .    l - +1 leather armour {rF+}
rPois   .          Reflect  .    c - +1 helmet
rElec   .          Rampage  .    (no cloak)
rCorr   .                        (no gloves)
Will    .....                    (no boots)
Stlth   +                        g - amulet of faith
HPRegen 0.29/turn                k - ring of flight
MPRegen 0.10/turn                p - ring of see invisible

@: flying
A: thin metallic scales 1, icemail 1, condensation shield
a: Renounce Religion


You were on level 5 of the Dungeon.
You worshipped Okawaru.
Okawaru was noncommittal.
You visited 2 branches of the dungeon, and saw 7 of its levels.

You collected 219 gold pieces.

Inventory:

Hand Weapons
 a - a +1 rapier
 r - a +6 battleaxe of freezing (weapon)
 t - a +2 dagger of freezing
Missiles
 d - a throwing net (quivered)
 e - a javelin
 i - 3 boomerangs
Armour
 b - a +0 leather armour
 c - a +1 helmet (worn)
 l - a +1 leather armour of fire resistance (worn)
Jewellery
 g - an amulet of faith (around neck)
 k - a ring of flight (left hand)
 p - a ring of see invisible (right hand)
 s - a ring of resist corrosion
Wands
 m - a wand of charming (7)
Scrolls
 f - 3 scrolls of teleportation
 n - 2 scrolls of enchant armour
 o - a scroll of noise
Potions
 h - a potion of flight {unknown}
 j - a potion of curing {unknown}
 q - a potion of haste {unknown}


   Skills:
 - Level 6.0 Fighting
 - Level 2.6 Short Blades
 + Level 1.4 Axes
 - Level 4.0 Throwing
 - Level 4.0 Armour
 - Level 4.0 Dodging


You had 6 spell levels left.
You didn't know any spells.
Your spell library contained the following spells:

 Spells                   Type           Power      Damage    Failure   Level
 Blink                    Tloc           0%         N/A       58%         2
 Ensorcelled Hibernation  Hex/Ice        0%         N/A       58%         2
 Lesser Beckoning         Tloc           0%         N/A       58%         2
 Momentum Strike          Conj/Tloc      0%         3d8       58%         2
 Passwall                 Tmut/Erth      0%         N/A       58%         2
 Dazzling Flash           Conj/Hex       0%         N/A       82%         3
 Swiftness                Air            0%         N/A       82%         3
 Volatile Blastmotes      Fire/Tloc      0%         2d10      82%         3
 Iskenderun's Mystic Bla  Conj/Tloc      0%         2d3       99%         4
 Starburst                Conj/Fire      0%         6d3       100%        6


Dungeon Overview and Level Annotations

Branches:
Dungeon (6/15)             Temple (1/1) D:6

Altars:
Ashenzari
Cheibriados
Dithmenos
Fedhas
Gozag
Hepliaklqana
Kikubaaqudgha
Okawaru
Qazlal
Ru
Sif Muna
Uskayaw
Wu Jian
Xom
Yredelemnul

Shops:
D:3 [


Innate Abilities, Weirdness & Mutations

You are partially covered in thin metallic scales. (AC +2)
A meltable icy envelope protects you from harm. (AC +4)
A meltable shield of frost defends you. (SH +4)


Message History

You closely miss the gnoll. The gnoll misses you.
The gnoll hits you but does no damage.
The gnoll sergeant hits you but does no damage.
The gnoll closely misses you. The gnoll hits you with a +0 club.
The gnoll sergeant barely misses you.
You hit the gnoll but do no damage. The gnoll hits you but does no damage.
The gnoll sergeant hits you from afar with a +0 trident.
The gnoll hits you but does no damage.
You slash the gnoll! You freeze the gnoll.
You kill the gnoll!
Okawaru accepts your kill.
The gnoll sergeant hits you from afar with a +0 trident!
The gnoll barely misses you.
The gnoll sergeant hits you from afar with a +0 trident.
You block the gnoll's attack.
Your life force feels restored.
The gnoll sergeant hits you with a +0 trident!
The gnoll hits you but does no damage.
You see here a +0 club.
Unknown command.
You slash the gnoll sergeant! You freeze the gnoll sergeant.
The gnoll sergeant is severely wounded.
You closely miss the gnoll. The gnoll sergeant closely misses you.
The gnoll hits you but does no damage.
The gnoll sergeant hits you but does no damage.
You block the gnoll's attack.
Unknown command.
You closely miss the gnoll sergeant.
The gnoll sergeant is heavily wounded.
You slash the gnoll! You freeze the gnoll.
You kill the gnoll!
Okawaru accepts your kill.
The gnoll sergeant hits you with a +0 trident!
* * * LOW HITPOINT WARNING * * *
You barely miss the gnoll sergeant.
The gnoll sergeant is heavily wounded.
The gnoll sergeant hits you with a +0 trident!
* * * LOW HITPOINT WARNING * * *
The gnoll sergeant hits you with a +0 trident!
You die...

..........# #.....#....>.#
).........# +.....#......#
).........# #.....#..).).#
......<...######... #.....##
..######+#...>....####.###..###
..# #........##.....##...# ..#
#........##.#....#...## ..#
#......)....#....#....## ..#
#.....)@.#..##[..####..# ..#
#......g.##..####...##.. ..#
#........###... #....#.. ..#
#........# ....#....#.. ..#
#........# ....##...... #
.......... .....###....
.......... ...........
........... ........ ..........


You could see a gnoll sergeant.

Vanquished Creatures
  An ice beast (D:5)
  2 scorpions
  5 wights (D:6)
  A howler monkey (D:5)
  A jelly (D:4)
  6 iguanas
  2 orc wizards (D:5)
  3 adders
  10 gnolls
  A shadow imp (D:5)
  An ufetubus (D:6)
  3 worms
  A dart slug (D:3)
  2 orcs
  2 bats (D:1)
  9 endoplasms
  4 giant cockroaches
  8 goblins
  8 hobgoblins
  8 jackals
  4 kobolds
  5 quokkas
  11 ball pythons
  2 frilled lizards
  6 rats
106 creatures vanquished.

Notes
Turn   | Place    | Note
-------+----------+-------------------------------------------
     0 | D:1      | Newt the Demonspawn Gladiator began the quest for the Orb.
     0 | D:1      | Reached XP level 1. HP: 16/16 MP: 1/1
   177 | D:1      | Gained mutation: A meltable shield of frost defends you.
                  | (SH +4) [demonic ancestry]
   177 | D:1      | Reached XP level 2. HP: 23/23 MP: 2/2
   254 | D:1      | Reached skill level 3 in Fighting
   266 | D:1      | Found a faded altar of an unknown god.
   266 | D:1      | Noticed a soul eater
   599 | D:2      | Gained mutation: A meltable icy envelope protects you from
                  | harm. (AC +4) [demonic ancestry]
   599 | D:2      | Reached XP level 3. HP: 24/29 MP: 3/3
  1136 | D:2      | Reached skill level 4 in Fighting
  1266 | D:2      | Gained mutation: You are partially covered in thin metallic
                  | scales. (AC +2) [demonic ancestry]
  1266 | D:2      | Reached XP level 4. HP: 29/37 MP: 4/4
  1865 | D:3      | You fall into a shaft and drop 1 floor!
  2032 | D:3      | Found Gekypoy's Antique Armour Emporium.
  2603 | D:4      | Reached XP level 5. HP: 21/42 MP: 5/5
  3174 | D:5      | Entered Level 5 of the Dungeon
  3272 | D:5      | Noticed an ice beast
  3310 | D:5      | Killed an ice beast
  3311 | D:5      | Reached skill level 1 in Armour
  3311 | D:5      | Reached XP level 6. HP: 20/48 MP: 6/6
  4320 | D:5      | Reached XP level 7. HP: 30/54 MP: 7/7
  4911 | D:6      | Reached skill level 5 in Fighting
  4915 | D:6      | Found a staircase to the Ecumenical Temple.
  5492 | Temple   | Entered the Ecumenical Temple
  5498 | Temple   | Became a worshipper of Warmaster Okawaru
  5744 | D:5      | Reached skill level 6 in Fighting
  5800 | D:5      | Reached skill level 1 in Axes
  5840 | D:5      | Slain by a gnoll sergeant

Illustrated notes

Levels and vault maps discovered:
D:1:      giann_wishing_wells, layout_rooms,
          dreamdust_ecumenical_altar_sealed_demon
D:2:      layout_basic, solitary_fountain
D:3:      layout_basic, serial_shops, nicolae_shop_stone, grunt_ministairs_2
D:4:      layout_rooms
D:5:      layout_gridville, minmay_bent
D:6:      layout_basic, minmay_temple_entry_statues_pillars,
          minmay_joined_circles, uniq_eustachio
Temple:   sentei_temple_godly_chess

Skill      XL: |  1  2  3  4  5  6  7 |
---------------+----------------------+-----
Fighting       | 3 4 6 |  6.0
Dodging        | 3 4 |  4.0
Throwing       | 2 4 |  4.0
Armour         | 1 3 4 |  4.0
Axes           | 1 |  1.4
Short Blades   | |  2.6

Action                     |  1- 3 |  4- 6 |  7- 9 || total
---------------------------+-------+-------+-------++-------
  Melee: Rapier            |   126 |   286 |    39 ||   451
         Punch             |     2 |     3 |     2 ||     7
         Dagger            |       |       |    55 ||    55
         Battleaxe         |       |       |    21 ||    21
  Throw: Throwing net      |     1 |     1 |     2 ||     4
         Javelin           |     1 |       |       ||     1
         Boomerang         |       |     4 |     6 ||    10
    Use: Scroll            |     4 |     3 |     2 ||     9
   Stab: Sleeping          |       |     2 |       ||     2
         Held in net/web   |       |     1 |     2 ||     3
         Distracted        |       |     1 |       ||     1
 Armour: Leather armour    |    34 |    95 |    61 ||   190
  Dodge: Dodged            |    88 |   163 |   122 ||   373
  Block: Other             |    20 |    53 |    37 ||   110

Table legend: (Time is in decaauts)
 A = Elapsed time spent in this place.
 B = Non-inter-level travel time spent in this place.
 C = Inter-level travel time spent in this place.
 D = Time resting spent in this place.
 E = Time spent auto-exploring this place.
 F = Levels seen in this place.
 G = Mean time per level.
                   A        B        C        D        E       F      G
               +--------+--------+--------+--------+--------+-----+--------+
         Total |   5877 |   5803 |     74 |   2166 |   2623 |   7 |  839.6 |
       Dungeon |   5865 |   5791 |     74 |   2166 |   2621 |   6 |  977.5 |
        Temple |     12 |     12 |      0 |      0 |      2 |   1 |   12.0 |
               +--------+--------+--------+--------+--------+-----+--------+

Top non-repeatable levels by time:
     D:5: 1604 daAuts
     D:2: 1078 daAuts
     D:6: 1067 daAuts
     D:3: 904 daAuts
     D:4: 615 daAuts
     D:1: 595 daAuts
  Temple: 12 daAuts
